Map: Dusk Towers

Players

AFreeWin

  • Race: Zerg Zerg

Grumm - Winner!

  • Race: Protoss Protoss
  • League: Gold

VOD

Have the link to the VOD?

Description

Time

  • Played on: Jan. 7, 2016, 6:49 p.m.
  • Length: 6:36
Show
View Real Time Build Order
Export as new Build Order

AFreeWin Zerg 

Build Orders: 3 Hatch before Pool 

Get SALT Encoding   

  12  0:03  Drone  
  13  0:10  Drone  
  14  0:18  Overlord  
  14  0:36  Drone  
  14  0:37  Drone x2  
  17  0:49  Drone  
  18  0:57  Hatchery  
  17  1:15  Hatchery  
  17  1:17  Drone  
  17  1:31  Spawning Pool  
  17  1:32  Drone  
  17  1:36  Drone  
  17  1:39  Drone  
  19  1:47  Drone  
  19  1:49  Extractor  
  19  1:57  Drone  
  20  2:06  Drone  
  21  2:11  Drone  
  22  2:16  Overlord  
  22  2:17  Queen  
  22  2:18  Queen  
  22  2:20  Drone  
  27  2:27  Drone  
  28  2:35  Roach Warren  
  27  2:39  Queen  
  29  2:47  Spine Crawler  
  28  2:57  Queen  
  26  3:39  Roach x5  
  26  3:40  Roach  
  38  3:47  Roach  
  40  4:07  Drone x2  
  40  4:08  Overlord x3  
  42  4:24  Overlord x4  
  42  4:32  Drone x2, Extractor  
  42  4:33  Drone  
  43  4:45  Spore Crawler  
  37  4:47  Spore Crawler  
  37  4:52  Drone x2  
  36  4:56  Spore Crawler  
  29  5:21  Zergling x8  
  27  5:27  Drone x2  
  25  5:34  Drone  
  22  5:44  Drone x2  
  24  6:08  Spore Crawler  
  24  6:09  Drone  
Show
View Real Time Build Order
Export as new Build Order

Grumm Protoss - Winner!

Build Orders: Oracle Opening 

Get SALT Encoding   

  12  0:01  Probe (Chrono Boost)  
  13  0:17  Pylon, Probe (Chrono Boost)  
  14  0:28  Probe (Chrono Boost)  
  15  0:39  Probe (Chrono Boost), Gateway  
  16  0:46  Assimilator  
  16  0:49  Probe (Chrono Boost)  
  17  1:00  Probe (Chrono Boost)  
  18  1:07  Gateway  
  19  1:11  Probe (Chrono Boost)  
  19  1:22  Probe (Chrono Boost)  
  20  1:25  Pylon  
  20  1:26  Zealot (Chrono Boost)  
  22  1:35  Cybernetics Core  
  22  1:49  Probe  
  22  1:53  Zealot (Chrono Boost)  
  25  1:57  Assimilator, Zealot (Chrono Boost)  
  27  2:13  Stargate  
  27  2:18  Probe  
  28  2:28  Adept (Chrono Boost)  
  30  2:30  Probe  
  31  2:38  Pylon  
  31  2:57  Nexus  
  31  3:05  Warp Gate (Chrono Boost)  
  29  3:27  Oracle (Chrono Boost)  
  29  3:29  Pylon, Probe  
  29  3:31  Zealot (Chrono Boost)  
  31  3:42  Gateway  
  31  4:05  Probe  
  29  4:10  Void Ray  
  29  4:13  Stalker x2  
  37  4:18  Probe  
  37  4:20  Probe  
  39  4:54  Probe  
  39  4:55  Probe  
  39  4:57  Void Ray (Chrono Boost)  
  43  5:07  Probe  
  43  5:08  Stalker  
  43  5:09  Stalker x2  
  48  5:21  Assimilator  
  47  5:26  Assimilator  
  47  5:37  Probe  
  47  5:38  Stalker x2  
  49  5:47  Probe  
  49  5:49  Probe  
  51  5:57  Twilight Council  
  51  5:59  Pylon  
  51  6:08  Pylon  
Tags
 
Add a new tag
Caveats
  • Supply blocks, unpowered buildings, or Contaminate may cause inaccurate times.
  • Supply counts are checked every 10 seconds.